 Dungeon Crawl Stone Soup version 0.22-a0-278-g8f801747b2 (webtiles) character file.

249282 Xiin the Imperceptible (level 19, -6/102 HPs)
             Began as a Spriggan Enchanter on Mar 14, 2018.
             Was the Champion of Dithmenos.
             Mangled by a yaktaur captain (27 damage)
             ... on level 15 of the Dungeon on Mar 15, 2018.
             The game lasted 04:01:21 (58195 turns).

Xiin the Imperceptible (Spriggan Enchanter)        Turns: 58195, Time: 04:01:21

Health: -6/102     AC: 13    Str: 13    XL:     19   Next: 27%
Magic:  12/40      EV: 35    Int: 18    God:    Dithmenos [******]
Gold:   3657       SH:  3    Dex: 20    Spells: 30/51 levels left

rFire    + + .     SeeInvis +   y - +9 quick blade (pierce)
rCold    + + .     Gourm    .   (shield restricted)
rNeg     . . .     Faith    .   A - +2 robe {rC+ rF+}
rPois    .         Spirit   .   u - +2 hat {SInv}
rElec    .         Reflect  +   J - +2 cloak {MR+}
rCorr    .         Harm     .   (gloves unavailable)
MR       ++++.                  (boots unavailable)
Stlth    ++++++++++             q - +3 amulet of reflection
HPRegen  0.27/turn              R - ring "Quabriakk" {rF+ rC+ Str+4}
MPRegen  0.27/turn              n - +2 ring of protection

@: wreathed by umbra, very quick
A: very small, unfitting armour, molten scales 1, see invisible, agile 1,
herbivore, speed 3, slow metabolism 2
}: 1/15 runes: abyssal
a: Shadow Step, Shadow Form, Renounce Religion


You were on level 15 of the Dungeon.
You worshipped Dithmenos.
Dithmenos was exalted by your worship.
You were not hungry.

You visited 8 branches of the dungeon, and saw 35 of its levels.
You visited the Abyss 1 time.
You also visited: Labyrinth, Sewer, Ossuary and Ice Cave.

You collected 4087 gold pieces.
You spent 430 gold pieces at shops.

Inventory:

Hand Weapons
 o - a +0 rapier
 y - a +9 quick blade of piercing (weapon)
 O - the +8 lance "Wyrmbane" {slay drac, rPois rF+ rC+ AC+3}
   (You found it on level 6 of the Lair of Beasts)

   It affects your AC (+3).
   It protects you from fire.
   It protects you from cold.
   It protects you from poison.
Missiles
 i - 3 throwing nets (quivered)
Armour
 u - a +2 hat of see invisible (worn)
 A - a +2 robe of resistance (worn)
 J - a +2 cloak of magic resistance (worn)
 P - a +2 robe of positive energy
Jewellery
 j - an uncursed ring of protection from fire
 n - a +2 ring of protection (right hand)
 q - a +3 amulet of reflection (around neck)
 z - an uncursed ring of wizardry
 L - an uncursed ring of positive energy
 R - the ring "Quabriakk" (left hand) {rF+ rC+ Str+4}
   (You found it on level 2 of the Shoals)

   [ring of protection from fire]

   It affects your strength (+4).
   It protects you from fire.
   It protects you from cold.
 S - an uncursed ring of flight
Wands
 a - a wand of iceblast (11)
 v - a wand of paralysis (44)
 x - a wand of digging (21)
 E - a wand of disintegration (13)
Scrolls
 b - 11 scrolls of identify
 s - 2 scrolls of amnesia
 t - 13 scrolls of remove curse
 w - 3 scrolls of fear
 C - 8 scrolls of teleportation
 D - 3 scrolls of fog
 F - a scroll of magic mapping
 H - 2 scrolls of vulnerability
 K - 6 scrolls of enchant armour
 M - 3 scrolls of blinking
 T - a scroll of silence
 W - 2 scrolls of enchant weapon
Potions
 c - 5 potions of resistance
 f - 7 potions of ambrosia
 g - 9 potions of curing
 l - 3 potions of heal wounds
 m - 7 potions of flight
 I - 5 potions of mutation
 N - 3 potions of brilliance
 Q - a potion of agility
 X - a potion of haste
Miscellaneous
 h - a phantom mirror
Comestibles
 d - 23 rations


   Skills:
 + Level 12.1 Fighting
 - Level 14.0 Short Blades
 + Level 19.0 Dodging
 + Level 24.2 Stealth
 + Level 16.8 Spellcasting
 + Level 17.0 Hexes


You had 30 spell levels left.
You knew the following spells:

 Your Spells              Type           Power        Failure   Level  Hunger
a - Ensorcelled Hibernat  Hex/Ice        #####.       1%          2    None
b - Corona                Hex            ######.      0%          1    None
c - Confuse               Hex            ######..     0%          3    None
d - Tukima's Dance        Hex            ######..     0%          3    None
e - Dazzling Spray        Conj/Hex       #####.       1%          3    None
f - Spectral Weapon       Hex/Chrm       #####...     1%          3    None
g - Cause Fear            Hex            ######....   1%          4    None
h - Blink                 Tloc           N/A          6%          2    None


Dungeon Overview and Level Annotations

Branches:
Dungeon (15/15)            Temple (1/1) D:4            Lair (6/6) D:8
 Shoals (3/4) Lair:2       Spider (3/4) Lair:3        Slime (0/5) Lair:5
    Orc (2/2) D:9             Elf (1/3) Orc:2        Vaults (4/5) D:13
  Crypt (0/3) Vaults:3     Depths (0/5) D:15

Altars:
Ashenzari
Cheibriados
Dithmenos
Elyvilon
Fedhas
Gozag
Hepliaklqana
Kikubaaqudgha
Makhleb
Nemelex Xobeh
Okawaru
Qazlal
Ru
Sif Muna
Trog
Uskayaw
Vehumet
Wu Jian
Xom
Yredelemnul
Zin
The Shining One
Jiyva

Shops:
D:6 [   D:10 *   D:14 [((   Orc:2 :![%   Shoals:2 (   Vaults:2 *

Annotations:
Shoals:3 exclusion: door
Vaults:2 2 exclusions


Innate Abilities, Weirdness & Mutations

You are very small and have problems with some larger weapons.
You are too small for most types of armour.
You have supernaturally acute eyesight. (SInv)
You are a herbivore.
You cover ground extremely quickly.
You need to consume almost no food.
You are partially covered in molten scales. (AC +2)
You are agile. (Dex +2)


Message History

Unknown command.
Unknown command.
Unknown command.
Unknown command.
You strike the helpless ogre mage from behind!
You perforate the ogre mage like a sieve!!!
You kill the ogre mage!
Dithmenos accepts your kill.
Dithmenos appreciates your extinguishing a source of fire.
Unknown command.
Casting: Confuse (safe; 0% risk of failure)
Confirm with . or Enter, or press ? or * to list all spells.
Aiming: Ensorcelled Hibernation (safe; 1% risk of failure)
Press: ? - help, Shift-Dir - straight line, f - yaktaur captain
Aim: a yaktaur captain (black smoke, umbra, chance to defeat MR: 35%)
The yaktaur captain easily resists.
Your shadow mimicks your spell!
The yaktaur captain resists with almost no effort.
The yaktaur captain hits you!!
You die...

###### #####.....
###### #.....####
#§§§§######.#.#.####
#§§§§§§§.##........#
#§§@##§§.......###.#
#§§#c####...#### #.#
#§§##OH)#####. ##.#
#.. #Cz...c... #..#
#.. #..#.....# #..#
#.. ##..#####. ##..#
#.# #..# #..## #.
#..# #..# #..# #..##


You could see a yaktaur captain, a skeletal warrior, a two-headed ogre, a
cyclops and a hippogriff.

Vanquished Creatures
  Gastronok (Lair:3)
  A sphinx (Vaults:2)
  Kirke (Shoals:2)
  Polyphemus (Shoals:2)
  Frances (Shoals:2)
  The ghost of mora the Thaumaturge, an adept GnSk of Makhleb (Shoals:1)
  7 vault wardens
  An orc warlord (Orc:1)
  3 emperor scorpions
  8 ironheart preservers
  The ghost of yrara the Cruncher, a journeyman DsFi of Gozag (Lair:6)
  5 stone giants
  2 entropy weavers (Vaults:3)
  2 deep elf demonologists (Vaults:1)
  A minotaur (Lab)
  A spark wasp (Spider:2)
  Azrael (Orc:2)
  3 merfolk impalers
  4 fire dragons
  Snorg (D:12)
  Josephine (D:11)
  7 yaktaur captains
  A great orb of eyes (Vaults:3)
  3 ice dragons
  2 vault guards (Vaults:3)
  2 rakshasas
  2 catoblepae
  5 hydras
  29 two-headed ogres
  2 merfolk avatars
  13 centaur warriors
  4 death knights
  9 ogre magi
  3 deep troll shamans
  2 deep troll earth magi (Vaults:2)
  2 satyrs (Shoals:1)
  9 death yaks
  3 orc high priests (Orc:2)
  4 deep elf knights
  Nergalle (D:11)
  A wretched star (Abyss:3)
  A flayed ghost (Vaults:2)
  6 unseen horrors
  7 deep trolls
  4 wizards
  5 skeletal warriors
  4 sea snakes (Shoals:1)
  10 ironbrand convokers
  An obsidian statue (Vaults:2)
  13 deep elf magi
  17 harpies
  An orange crystal statue (D:14)
  6 orb spiders
  A necromancer (Vaults:3)
  A salamander (shapeshifter) (Vaults:1)
  13 orc knights
  2 tengu skeletons (Vaults:3)
  10 wolf spiders
  An oklob plant (Lair:4)
  9 fauns
  22 ugly things
  9 orc sorcerers
  2 shadow dragon skeletons (Vaults:3)
  9 cyclopes
  13 manticores
  A fire giant skeleton (Vaults:3)
  Maurice (D:11)
  5 human skeletons (Vaults:3)
  10 elephants
  5 black mambas
  5 merfolk sirens
  A moth of wrath (Spider:2)
  7 vault sentinels
  A stone giant skeleton (Vaults:3)
  Psyche (D:12)
  2 ice statues (IceCv)
  2 water nymphs
  6 spiny frogs
  5 gargoyles
  4 rime drakes
  7 komodo dragons
  3 demonic crawlers
  35 yaktaurs
  10 ice devils (IceCv)
  3 efreet (D:14)
  5 freezing wraiths
  13 merfolk
  8 wind drakes
  3 tengu conjurers (D:14)
  2 yaktaur skeletons (Vaults:3)
  11 polar bears
  5 hornets
  A tengu simulacrum (Vaults:2)
  10 trolls
  17 jumping spiders
  A wind drake (shapeshifter) (Vaults:3)
  2 queen bees
  18 slime creatures
  34 blink frogs
  12 hippogriffs
  11 dream sheep
  3 raiju (Abyss:3)
  4 snapping turtles
  23 redbacks
  A spriggan (shapeshifter) (Vaults:2)
  8 wraiths
  9 wyverns
  36 yaks
  A vampire (D:14)
  4 water elementals
  8 tarantellas
  3 hogs (Shoals:2)
  5 fire elementals (Orc:2)
  A human (shapeshifter) (Vaults:1)
  A basilisk (Lair:5)
  A hungry ghost (D:9)
  10 vampire mosquitoes
  A warg (Vaults:1)
  Edmund (D:5)
  12 water moccasins
  An acid dragon (Vaults:1)
  A human zombie (Vaults:3)
  A deep troll skeleton (Vaults:3)
  3 hell hounds (Orc:2)
  11 porcupines
  2 black bears
  42 orc warriors
  9 ice beasts
  5 sky beasts
  A hornet zombie (D:13)
  A phantom (D:5)
  29 ogres
  3 eyes of draining
  3 necrophages
  4 wolves (Lair:6)
  12 centaurs
  An elf skeleton (Vaults:3)
  14 crocodiles
  A big kobold (Sewer)
  21 bullfrogs
  2 wyvern zombies
  A gnoll sergeant (D:11)
  A wyvern skeleton (D:14)
  6 scorpions
  A troll zombie (Ossuary)
  36 killer bees
  10 wights
  An electric eel (D:7)
  2 howler monkeys
  12 crimson imps
  A bullfrog zombie (D:12)
  A human simulacrum (Vaults:3)
  2 quasits
  4 centaur zombies (Ossuary)
  12 jellies
  8 centaur skeletons
  5 hounds
  Crazy Yiuf (D:6)
  19 orc priests
  2 bullfrog skeletons
  Ijyb (D:5)
  An iguana (shapeshifter) (Vaults:3)
  3 iguanas
  32 orc wizards
  7 worker ants
  7 mummies (Ossuary)
  A howler monkey zombie (D:6)
  A worker ant zombie (D:6)
  Robin (D:4)
  14 gnolls
  2 river rats (Sewer)
  9 adders
  2 howler monkey skeletons
  2 shadow imps
  6 white imps (IceCv)
  8 ufetubi (IceCv)
  17 oozes
  9 adder zombies (Ossuary)
  3 worms
  2 dart slugs (D:1)
  6 leopard geckos
  86 orcs
  8 bats
  8 giant cockroaches
  A gnoll zombie (Ossuary)
  16 goblins
  12 hobgoblins
  10 jackals
  7 kobolds
  5 quokkas
  A ball python (D:5)
  6 frilled lizards
  3 goblin zombies (Ossuary)
  5 hobgoblin zombies (Ossuary)
  A leopard gecko zombie (D:5)
  2 quokka skeletons
  8 quokka zombies
  6 rats
  A rat zombie (Ossuary)
  A fungus (Lair:6)
  2 plants (Shoals:2)
1332 creatures vanquished.

Vanquished Creatures (collateral kills)
  An orc knight (Vaults:3)
  4 orc warriors
  An orc priest (Orc:1)
  A gnoll (Orc:1)
7 creatures vanquished.

Vanquished Creatures (others)
  A reaper (IceCv)
  A hydra skeleton (Abyss:3)
  5 dancing weapons
  A wraith (D:14)
  A chaos spawn (Abyss:3)
  An ogre (D:12)
  2 small abominations (Abyss:3)
  A gnoll (Orc:1)
  3 white imps (IceCv)
  3 ufetubi (IceCv)
  20 fungi
  27 plants
  2 starspawn tentacles (Abyss:3)
68 creatures vanquished.

Grand Total: 1407 creatures vanquished

Notes
Turn   | Place    | Note
-------+----------+-------------------------------------------
     0 | D:1      | Xiin the Spriggan Enchanter began the quest for the Orb.
     0 | D:1      | Reached XP level 1. HP: 9/9 MP: 5/5
   393 | D:1      | Reached XP level 2. HP: 10/13 MP: 7/7
   397 | D:1      | Learned a level 2 spell: Ensorcelled Hibernation
   858 | D:2      | Reached XP level 3. HP: 16/16 MP: 6/9
  1285 | D:2      | Reached XP level 4. HP: 21/21 MP: 11/11
  1326 | D:2      | Reached skill level 5 in Hexes
  2985 | D:2      | Learned a level 3 spell: Confuse
  2989 | D:2      | Learned a level 3 spell: Tukima's Dance
  2993 | D:2      | Learned a level 3 spell: Dazzling Spray
  3037 | D:3      | Reached skill level 5 in Stealth
  3037 | D:3      | Reached XP level 5. HP: 17/24 MP: 5/13
  3384 | D:3      | Found a glowing drain.
  3404 | Sewer    | Entered a sewer
  3409 | Sewer    | Reached skill level 6 in Stealth
  3962 | Sewer    | Reached skill level 7 in Stealth
  3962 | Sewer    | Reached XP level 6. HP: 28/28 MP: 2/14
  4063 | Sewer    | Found a white marble altar of Elyvilon.
  4457 | D:4      | Reached skill level 8 in Stealth
  4631 | D:4      | Reached skill level 9 in Stealth
  5134 | D:4      | Found a staircase to the Ecumenical Temple.
  5137 | D:4      | Noticed Robin
  5146 | Temple   | Entered the Ecumenical Temple
  5330 | Temple   | Became a worshipper of Dithmenos the Shadowed
  5601 | D:4      | Reached XP level 7. HP: 17/32 MP: 15/15
  5608 | D:4      | Killed Robin
  5608 | D:4      | Reached skill level 10 in Stealth
  6087 | D:5      | Entered Level 5 of the Dungeon
  6162 | D:5      | Noticed Ijyb
  6181 | D:5      | Killed Ijyb
  6424 | D:5      | Reached skill level 11 in Stealth
  6548 | D:5      | Reached * piety under Dithmenos
  6801 | D:5      | Noticed Edmund
  6818 | D:5      | Killed Edmund
  6978 | D:6      | Reached skill level 12 in Stealth
  6980 | D:6      | Reached XP level 8. HP: 36/36 MP: 16/16
  7142 | D:6      | Found Ubiexyobb's Armour Shop.
  7195 | D:6      | Noticed a two-headed ogre
  7247 | D:6      | Killed a two-headed ogre
  7247 | D:6      | Reached skill level 15 in Stealth
  7428 | D:6      | HP: 1/36 [wight/enchanted trident (3)]
  8008 | D:6      | Reached skill level 16 in Stealth
  8008 | D:6      | Reached XP level 9. HP: 39/39 MP: 17/17
  8575 | D:6      | Found a sparkling altar of Nemelex Xobeh.
  8612 | D:6      | Reached skill level 5 in Spellcasting
  8727 | D:6      | Reached skill level 1 in Fighting
  9531 | D:6      | Reached ** piety under Dithmenos
  9695 | D:6      | Found a runed door.
 10077 | D:6      | Noticed Crazy Yiuf
 10082 | D:6      | Killed Crazy Yiuf
 10199 | D:7      | Found a sand-covered staircase.
 10199 | D:7      | Noticed a troll
 10219 | Ossuary  | Entered an ossuary
 10320 | Ossuary  | Reached skill level 5 in Dodging
 11507 | D:7      | Killed a troll
 11629 | D:7      | Reached *** piety under Dithmenos
 11724 | D:7      | Reached XP level 10. HP: 47/47 MP: 7/20
 12802 | D:8      | Found a stormy altar of Qazlal.
 13159 | D:8      | Found a staircase to the Lair.
 13194 | D:8      | Reached **** piety under Dithmenos
 13575 | D:8      | Learned a level 3 spell: Spectral Weapon
 14061 | D:9      | Found a staircase to the Orcish Mines.
 14175 | D:9      | Reached skill level 17 in Stealth
 14291 | D:9      | Reached skill level 5 in Short Blades
 14545 | D:9      | Found a blossoming altar of Fedhas.
 14621 | D:10     | Entered Level 10 of the Dungeon
 14660 | D:10     | Noticed a gargoyle
 14677 | D:10     | Killed a gargoyle
 14757 | D:10     | Found Woduocic's Assorted Antiques.
 14766 | D:10     | Bought a scroll of identify for 66 gold pieces
 15012 | D:10     | Reached XP level 11. HP: 29/53 MP: 6/23
 15017 | D:10     | Reached ***** piety under Dithmenos
 15308 | D:11     | Noticed Josephine
 15315 | D:11     | Killed Josephine
 15687 | D:11     | Noticed Maurice
 15693 | D:11     | Noticed a two-headed ogre
 15698 | D:11     | Noticed Nergalle
 15705 | D:11     | Killed a two-headed ogre
 15719 | D:11     | Killed Nergalle
 15725 | D:11     | Killed Maurice
 16569 | D:11     | Noticed a cyan ugly thing
 16576 | D:11     | Killed a cyan ugly thing
 16576 | D:11     | Reached skill level 5 in Fighting
 16656 | D:11     | Got a faintly glowing pewter amulet
 17103 | D:12     | Reached skill level 18 in Stealth
 17332 | D:12     | Noticed a cyan ugly thing
 17335 | D:12     | Noticed Snorg
 17337 | D:12     | Killed a cyan ugly thing
 17364 | D:12     | Killed Snorg
 17364 | D:12     | Reached XP level 12. HP: 56/60 MP: 14/26
 17473 | D:12     | Reached skill level 10 in Dodging
 17602 | D:12     | Identified the amulet of Pantheism {Spirit MR+ Dex+2} (You found it on level 11 of the Dungeon)
 17917 | D:12     | Identified a scroll of acquirement
 18583 | D:12     | Noticed Psyche
 18592 | D:12     | Reached skill level 10 in Hexes
 18612 | D:12     | Noticed an ice dragon
 18624 | D:12     | Killed an ice dragon
 18631 | D:12     | Killed Psyche
 18642 | D:12     | Reached skill level 10 in Spellcasting
 19435 | D:13     | Noticed a two-headed ogre
 19438 | D:13     | Killed a two-headed ogre
 19812 | D:12     | Reached XP level 13. HP: 52/65 MP: 25/28
 20540 | D:13     | Reached skill level 19 in Stealth
 20827 | D:13     | Found a gate to the Vaults.
 21320 | D:14     | Found Feogohim's Antique Armour Shoppe.
 21608 | D:14     | Found Aryw's Antique Weapon Shoppe.
 22449 | D:14     | Found Naoheso's Antique Weapon Shop.
 22629 | D:14     | Reached ****** piety under Dithmenos
 23050 | D:14     | Identified the Almanac of the Oath (You acquired it on level 14 of the Dungeon)
 23059 | D:14     | Learned a level 4 spell: Cause Fear
 23559 | Lair:1   | Entered Level 1 of the Lair of Beasts
 23596 | Lair:1   | Gained mutation: Your body sometimes deteriorates upon taking damage. [potion of mutation]
 23596 | Lair:1   | Gained mutation: Your spells are a little easier to cast, but a little less powerful. [potion of mutation]
 23596 | Lair:1   | Gained mutation: Your muscles are strong. (Str +2) [potion of mutation]
 23597 | Lair:1   | Lost mutation: Your body sometimes deteriorates upon taking damage. [potion of mutation]
 23597 | Lair:1   | Lost mutation: Your spells are a little easier to cast, but a little less powerful. [potion of mutation]
 23597 | Lair:1   | Lost mutation: Your muscles are strong. (Str +2) [potion of mutation]
 23597 | Lair:1   | Gained mutation: You are agile. (Dex +2) [potion of mutation]
 23597 | Lair:1   | Gained mutation: You are partially covered in molten scales. (AC +2) [potion of mutation]
 23671 | Lair:1   | Found a labyrinth entrance.
 23678 | Lab      | Entered a labyrinth
 24335 | Lab      | Noticed a minotaur
 24338 | Lab      | Killed a minotaur
 24434 | Lair:1   | Reached skill level 10 in Short Blades
 24434 | Lair:1   | Reached XP level 14. HP: 59/72 MP: 30/30
 24630 | Lair:1   | Upgraded the game from 0.22-a0-274-gf8199ec82f to 0.22-a0-278-g8f801747b2
 25556 | Lair:2   | Found a staircase to the Shoals.
 26296 | Lair:3   | Noticed Gastronok
 26301 | Lair:3   | Killed Gastronok
 26307 | Lair:3   | Reached skill level 20 in Stealth
 26456 | Lair:3   | Found a hole to the Spider Nest.
 27176 | Lair:4   | Found a frozen archway.
 27264 | IceCv    | Entered an ice cave
 27583 | IceCv    | Killed a reaper
 28627 | Lair:4   | Found a hide-covered altar of Uskayaw.
 30658 | Lair:5   | Found a runed door.
 30661 | Lair:5   | Found a viscous altar of Jiyva.
 30662 | Lair:5   | Found a staircase to the Slime Pits.
 30972 | Lair:5   | Reached XP level 15. HP: 78/78 MP: 28/32
 31282 | Lair:6   | Entered Level 6 of the Lair of Beasts
 32061 | Lair:6   | Noticed yrara's ghost (journeyman DsFi)
 33429 | Lair:6   | Found the +8 lance "Wyrmbane" {slay drac, rPois rF+ rC+ AC+3}
 33621 | Lair:6   | Killed yrara's ghost
 34162 | Orc:1    | Entered Level 1 of the Orcish Mines
 34900 | Orc:2    | Entered Level 2 of the Orcish Mines
 35054 | Orc:2    | Reached skill level 21 in Stealth
 35059 | Orc:2    | Found a staircase to the Elven Halls.
 35063 | Orc:2    | Noticed Azrael
 35097 | Orc:1    | Noticed an orc warlord
 35175 | Orc:1    | Killed an orc warlord
 36092 | Orc:2    | Found Doush's Armour Shoppe.
 36800 | Orc:2    | Killed Azrael
 37496 | Orc:2    | Found Amugumid's Food Emporium.
 37496 | Orc:2    | Found Rukhirul's Book Emporium.
 37527 | Orc:2    | Reached skill level 15 in Dodging
 37659 | Orc:2    | Found Juassil's Food Shop.
 37659 | Orc:2    | Found Vivogg's Distillery.
 37693 | Orc:2    | Bought a potion of brilliance for 56 gold pieces
 37693 | Orc:2    | Bought a potion of brilliance for 56 gold pieces
 37693 | Orc:2    | Bought a potion of heal wounds for 70 gold pieces
 37693 | Orc:2    | Bought a potion of heal wounds for 70 gold pieces
 37693 | Orc:2    | Bought a potion of mutation for 112 gold pieces
 37941 | D:15     | Entered Level 15 of the Dungeon
 38485 | Elf:1    | Entered Level 1 of the Elven Halls
 38857 | Spider:1 | Entered Level 1 of the Spider Nest
 40680 | Spider:1 | Reached XP level 16. HP: 81/84 MP: 16/34
 42363 | Shoals:1 | Entered Level 1 of the Shoals
 42370 | Shoals:1 | Learned a level 2 spell: Blink
 42637 | Shoals:1 | Noticed mora's ghost (adept GnSk)
 42662 | Shoals:1 | Killed mora's ghost
 42880 | Shoals:1 | Reached skill level 10 in Fighting
 43134 | Shoals:2 | Noticed Polyphemus
 43137 | Shoals:2 | Killed Polyphemus
 43190 | Shoals:2 | Reached skill level 22 in Stealth
 43276 | Shoals:2 | Found Taed's Weapon Emporium.
 43276 | Shoals:2 | Noticed Frances
 43278 | Shoals:2 | Killed Frances
 43301 | Shoals:2 | Got a heavily runed turquoise ring
 43321 | Shoals:1 | Identified the ring "Quabriakk" {rF+ rC+ Str+4} (You found it on level 2 of the Shoals)
 44755 | Shoals:2 | Noticed Kirke
 44774 | Shoals:2 | Killed Kirke
 45078 | Shoals:3 | Reached XP level 17. HP: 51/90 MP: 18/36
 45091 | Shoals:3 | Found a transporter.
 45724 | Shoals:3 | Found a transporter.
 45769 | Shoals:3 | Cast into level 3 of the Abyss (a Zot trap)
 45987 | Abyss:3  | Got an abyssal rune of Zot
 46008 | Abyss:3  | HP: 3/90 [meliai/divine providence (13)]
 46010 | Abyss:3  | Noticed a Hell Sentinel
 46310 | Shoals:3 | Escaped the Abyss
 46319 | Shoals:3 | Got a ripped robe
 46324 | Shoals:3 | Got a slimy wooden ring
 46337 | Shoals:3 | Got a bound silver ring
 46793 | D:8      | Identified the +1 robe of Luokur {*Contam rC+ Dex+4} (You found it on level 3 of the Shoals)
 46795 | D:8      | Identified the ring "Ingi" {Fire MP+9} (You found it on level 3 of the Shoals)
 46796 | D:8      | Identified the ring of the Wild Haggis {rC+ EV+2} (You found it on level 3 of the Shoals)
 46934 | Vaults:1 | Entered Level 1 of the Vaults
 47233 | Vaults:1 | Reached skill level 15 in Hexes
 48640 | Vaults:1 | Reached skill level 15 in Spellcasting
 49675 | Vaults:2 | Found Hauli's Assorted Antiques.
 51463 | Vaults:2 | Reached skill level 23 in Stealth
 51558 | Vaults:2 | Reached XP level 18. HP: 96/96 MP: 35/38
 52393 | Vaults:3 | Found a staircase to the Crypt.
 55890 | Vaults:4 | Reached XP level 19. HP: 102/102 MP: 24/40
 56304 | Vaults:4 | Reached skill level 24 in Stealth
 57890 | D:15     | Found a staircase to the Depths.
 58195 | D:15     | Mangled by a yaktaur captain

Vault maps used:
D:1:      matt_arrival_los_fun, serial_park_tiny_2
D:2:      first_ration
D:3:      portal_sewer_entry_f
D:4:      temple_fountains, uniq_robin
D:5:      uniq_edmund, uniq_ijyb
D:6:      lemuel_slime, serial_shops, shop_fountains, grunt_ministairs_6,
          nemelex_diamond_rough_becter, uniq_crazy_yiuf_cottage
D:7:      nicolae_ossuary_entry_ruins, kennysheep_crisscross
D:8:      grunt_qazlal_clouds, dpeg_oklobed_lair, lightli_orcish_oven
D:9:      david_orc_3, fedhas_altar_3
D:10:     serial_shops, nicolae_shop_crystal
D:11:     david_nohive_1, uniq_nergalle, uniq_maurice, uniq_josephine
D:12:     evilmike_minifort, uniq_snorg, uniq_psyche
D:13:     david_vaults_2, minmay_misc_feat_more_columns, kennysheep_nondescript,
          grunt_potential
D:14:     patterned_corridor, serial_shops, nicolae_shop_statue_plus, shop,
          nicolae_shop_crystal, small_statue_alley_a, kennysheep_kite_vault
D:15:     grunt_enter_depths_hoard, minmay_misc_feat_nine_boxes,
          nicolae_two_hexagons, minmay_pinched_square
Temple:   compressed_dpeg_triangle_lava_temple
Lair:1:   lab_entry_generic, beast_lair_carwin_6, grunt_megastairs_3
Lair:2:   elwin_shoals_entry_rooms, serial_bayou_shore_a
Lair:3:   dummy_spider_entry, cheibrodos_lair_reptile_den, uniq_gastronok
Lair:4:   portal_ice_cave_entry_ice_beasts, lemuel_oklob_altar
Lair:5:   slime_altar_2, cheibrodos_lair_lostbears
Lair:6:   gammafunk_lair_ancient_temple, minivault_26
Shoals:1: cheibrodos_shoals_satyrical_garden
Shoals:2: serial_shops, shop, nicolae_shoals_water_elemental_grotto, uniq_kirke,
          uniq_frances, uniq_polyphemus
Shoals:3: gammafunk_its_a_trap, nicolae_shoals_mertower
Orc:2:    st_orc_elflike, serial_shops, shop_coins, uniq_azrael
Elf:1:    minmay_elf_arrival_plus, serial_shops, shop, hangedman_elf_disciples,
          uniq_louise
Vaults:1: vaults_standard_mumra_lines, ontoclasm_vaults_chip,
          nicolae_vaults_network_s, v_misc_16, nicolae_vaults_little_squares_2,
          nicolae_vaults_sealed_display, vaults_room_hallway,
          ontoclasm_vaults_shuriken, vaults_room_pool
Vaults:2: vaults_mumra_hex, nicolae_vaults_little_squares_4,
          nicolae_vaults_puzzle_piece, nicolae_vaults_alarming, v_rooms_5,
          v_alt_pattern_5, nicolae_vaults_rhombus_5, v_rooms_5,
          nicolae_vaults_statue_guard, v_alt_pattern_1, serial_shops,
          nicolae_shop_overgrown_old_shop
Vaults:3: minmay_crypt_entry_skeletal_spiral, v_rooms_1,
          hangedman_vaults_cutoff, hangedman_vaults_stagger,
          hangedman_vaults_pinch, nicolae_vaults_mini_display_case,
          nicolae_vaults_ninety_degrees, ontoclasm_vaults_ring_large,
          nicolae_vaults_little_squares_3, v_alt_pattern_4, vaults_dpeg_hooks,
          nicolae_vaults_big_angled_halls, nicolae_vaults_little_squares_2,
          nicolae_vaults_shelves_hall
Vaults:4: v_misc_5, v_misc_4, vaults_room_boxed, st_diamondy,
          hangedman_vaults_trim, v_misc_18, v_misc_27,
          nicolae_vaults_shelves_hall, hangedman_vaults_impose,
          vaults_dpeg_ring, v_misc_25, serial_glass
Abyss:3:  evilmike_abyss_rune_elephants_shrine, evilmike_abyss_exit_1
Sewer:    sewer_kobolds
Ossuary:  ossuary_boxes_badplayer
IceCv:    ice_cave_small_demon

Skill      XL: |  1  2  3  4  5  6  7  8  9 10 11 12 13 14 15 16 17 18 19 |
---------------+----------------------------------------------------------+-----
Spellcasting   | 3 4 6 7 9 10 11 12 13 14 15 16 | 16.8
Hexes          | 4 5 6 8 9 10 11 12 13 14 15 16 17 | 17.0
Stealth        | 5 7 9 12 16 17 18 19 20 21 22 23 24 | 24.2
Fighting       | 2 4 5 6 7 8 9 10 11 12 | 12.1
Short Blades   | 3 5 7 8 10 11 12 13 14 | 14.0
Dodging        | 5 7 9 11 12 14 15 16 17 18 19 | 19.0

Action                   |  1- 3 |  4- 6 |  7- 9 | 10-12 | 13-15 | 16-18 | 19-21 || total
-------------------------+-------+-------+-------+-------+-------+-------+-------++-------
Melee: Dagger            |    93 |   194 |   280 |   326 |       |       |       ||   893
       Quick blade       |       |       |       |   127 |  1171 |  1025 |    92 ||  2415
Throw: Throwing net      |       |       |       |       |       |       |     1 ||     1
 Cast: Corona            |    13 |     1 |       |       |       |       |       ||    14
       Ensorcelled Hiber |    14 |    34 |    46 |    74 |   228 |   165 |    35 ||   596
       Confuse           |       |     4 |    41 |    23 |    95 |   134 |     7 ||   304
       Dazzling Spray    |       |     2 |     5 |    21 |   117 |    66 |    22 ||   233
       Tukima's Dance    |       |       |    10 |     5 |     5 |    11 |       ||    31
Invok: Shadow Step       |       |       |       |     3 |     4 |    15 |     2 ||    24
Evoke: Wand              |       |       |     5 |     6 |    48 |     2 |       ||    61
  Use: Scroll            |     2 |     3 |    13 |    10 |    14 |    16 |     1 ||    59
       Potion            |       |       |       |     9 |    10 |    13 |       ||    32
 Stab: Sleeping          |    12 |    30 |    70 |   111 |   204 |   229 |    22 ||   678
       Invisible         |       |     2 |     2 |    33 |    44 |    30 |     6 ||   117
       Confused          |       |       |     9 |    19 |    62 |    85 |     6 ||   181
       Distracted        |       |       |     3 |     4 |    13 |    10 |     1 ||    31
       Held in net/web   |       |       |       |       |       |       |     1 ||     1
  Eat: Ration            |       |     3 |     5 |     4 |    10 |    10 |       ||    32
Armor: Robe              |    15 |    11 |    10 |    25 |    48 |    42 |    10 ||   161
Dodge: Dodged            |   103 |   162 |   173 |   390 |   718 |   608 |   132 ||  2286
Block: Other             |       |       |     1 |    45 |    75 |    67 |    10 ||   198
       Reflection        |       |       |       |     1 |     6 |     5 |     1 ||    13

Table legend:
 A = Spawn XP
 B = Non-spawn XP
 C = Spawn XP percentage of total XP
 D = Spawn monster count
 E = Non-spawn monster count
 F = Spawn count percentage of total count
 G = Total turns spent on level
                    A         B        C        D         E        F      G
               +---------+---------+-------+---------+---------+-------+---------
         Total |     791 |  402415 |   0.2 |       3 |    1334 |   0.2 | 58195
               +---------+---------+-------+---------+---------+-------+---------
           D:1 |       0 |      38 |   0.0 |       0 |      19 |   0.0 |  1556
           D:2 |       0 |     139 |   0.0 |       0 |      26 |   0.0 |  1460
           D:3 |       0 |      81 |   0.0 |       0 |      21 |   0.0 |   585
           D:4 |       0 |     391 |   0.0 |       0 |      28 |   0.0 |  1331
           D:5 |       0 |     499 |   0.0 |       0 |      17 |   0.0 |  1713
           D:6 |       0 |    3063 |   0.0 |       0 |      50 |   0.0 |  2399
           D:7 |       0 |    1079 |   0.0 |       0 |      25 |   0.0 |   782
           D:8 |       0 |    2146 |   0.0 |       0 |      44 |   0.0 |  2079
           D:9 |       0 |    1145 |   0.0 |       0 |      15 |   0.0 |  1189
          D:10 |       0 |    2834 |   0.0 |       0 |      19 |   0.0 |  1152
          D:11 |       0 |    7265 |   0.0 |       0 |      41 |   0.0 |  1462
          D:12 |       0 |   13580 |   0.0 |       0 |      66 |   0.0 |  2795
          D:13 |       0 |   10787 |   0.0 |       0 |      36 |   0.0 |  1714
          D:14 |       0 |   21461 |   0.0 |       0 |      59 |   0.0 |  3391
          D:15 |       0 |   17828 |   0.0 |       0 |      36 |   0.0 |   639
        Temple |       0 |       4 |   0.0 |       0 |       2 |   0.0 |   450
        Lair:1 |       0 |    6016 |   0.0 |       0 |      28 |   0.0 |  1358
        Lair:2 |       0 |    2700 |   0.0 |       0 |      13 |   0.0 |   884
        Lair:3 |       0 |    6642 |   0.0 |       0 |      20 |   0.0 |  1113
        Lair:4 |       0 |   14625 |   0.0 |       0 |      49 |   0.0 |  1719
        Lair:5 |       0 |    6912 |   0.0 |       0 |      27 |   0.0 |  1529
        Lair:6 |       0 |   17527 |   0.0 |       0 |      54 |   0.0 |  2275
      Shoals:1 |       0 |   20858 |   0.0 |       0 |      39 |   0.0 |  1221
      Shoals:2 |       0 |   21945 |   0.0 |       0 |      37 |   0.0 |  1457
      Shoals:3 |       0 |    6825 |   0.0 |       0 |      15 |   0.0 |   922
      Spider:1 |       0 |    8258 |   0.0 |       0 |      28 |   0.0 |  1899
      Spider:2 |       0 |   11543 |   0.0 |       0 |      26 |   0.0 |  1067
      Spider:3 |       0 |    6520 |   0.0 |       0 |      14 |   0.0 |   369
         Orc:1 |       0 |    6712 |   0.0 |       0 |      48 |   0.0 |  1777
         Orc:2 |       0 |   15112 |   0.0 |       0 |      75 |   0.0 |  1607
         Elf:1 |       0 |    1271 |   0.0 |       0 |       2 |   0.0 |    36
      Vaults:1 |       0 |   32031 |   0.0 |       0 |      61 |   0.0 |  2895
      Vaults:2 |       0 |   49560 |   0.0 |       0 |      82 |   0.0 |  3102
      Vaults:3 |       0 |   58977 |   0.0 |       0 |      96 |   0.0 |  2961
      Vaults:4 |       0 |   18858 |   0.0 |       0 |      38 |   0.0 |   749
       Abyss:3 |     791 |    1128 |  41.2 |       3 |       3 |  50.0 |   541
           Lab |       0 |    1261 |   0.0 |       0 |       1 |   0.0 |   688
         Sewer |       0 |     138 |   0.0 |       0 |      11 |   0.0 |   705
       Ossuary |       0 |     429 |   0.0 |       0 |      37 |   0.0 |  1286
         IceCv |       0 |    4227 |   0.0 |       0 |      26 |   0.0 |  1338
               +---------+---------+-------+---------+---------+-------+---------
